AoeStats
← Umdeuter

Arabia

508960188Analyzed
1v1 RM · 6d ago on Sep 24, 2026· 37m 50s· 2 players
Game mode
Random Map
Map size
Tiny (2 player)
Population
200
Speed
Normal
Resources
Standard
Victory
Conquest
Starting age
Dark Age
Ending age
Imperial Age
RankedLock teamsTeams togetherTeam positionsShared explorationLock speedFull tech treeHidden civsTurbo modeCheats
Victory
Defeat
🇨🇷 Cumans · Costa Rica
1969
+14
🇩🇪 Portuguese · Germany
1916
-14
Umdeuter
6:05 Loom
6:07 Loom
7:02 Loom
9:11 Feudal Age
10:32 Man-at-Arms
12:13 Arson
18:50 Fletching
23:01 Castle Age
22:28 Double-Bit Axe
22:54 Horse Collar
23:06 Crossbowman
27:35 Bow Saw
28:56 Wheelbarrow
30:13 Bodkin Arrow
shy_Ri
6:19 Loom
8:38 Feudal Age
10:49 Double-Bit Axe
23:16 Castle Age
21:58 Scale Barding Armor
23:23 Bloodlines
23:28 Horse Collar
24:21 Bow Saw
25:39 Chain Barding Armor
25:25 Town Watch
26:18 Fletching
28:53 Wheelbarrow
30:49 Forging
32:43 Hand Cart
32:22 Capped Ram
36:10 Town Patrol
Connection lost

Rejoining the realm…

Still unreachable

The connection could not be restored.

Session expired

The server has moved on; the page needs a fresh start.